 Dungeon Crawl Stone Soup version 0.20.1-1-g8b1a95d (console) character file.

37 bli the Skirmisher (level 3, 0/31 HPs)
             Began as a Formicid Abyssal Knight on Aug 12, 2017.
             Was a Follower of Lugonu.
             Slain by a worm (8 damage)
             ... on level 2 of the Dungeon.
             The game lasted 00:03:42 (1297 turns).

bli the Skirmisher (Formicid Abyssal Knight)        Turns: 1297, Time: 00:03:43

Health: 0/31       AC:  3    Str: 16    XL:     3   Next: 62%
Magic:  4/4        EV: 11    Int: 11    God:    Lugonu [*.....]
Gold:   52         SH:  0    Dex: 11    Spells: 2/2 levels left

rFire    . . .     SeeInvis +   a - +1 falchion
rCold    . . .     Gourm    .   (no shield)
rNeg     . . .     Faith    .   b - +0 leather armour
rPois    .         Spirit   .   (helmet unavailable)
rElec    .         Reflect  .   (no cloak)
rCorr    .         Harm     .   (no gloves)
MR       .....                  (no boots)
Stlth    +.........             (no amulet)
Regen    0.1/turn               (no ring)
MPRegen  0.1/turn               (no ring)

@: no status effects
A: permanent stasis, dig shafts and tunnels, four strong arms, antennae 3
a: Dig, Shaft Self, Depart the Abyss, Renounce Religion


You were on level 2 of the Dungeon.
You worshipped Lugonu.
Lugonu was aware of your devotion.
You were not hungry.

You visited 1 branch of the dungeon, and saw 2 of its levels.
You visited the Abyss 1 time.

You collected 52 gold pieces.

Inventory:

Hand Weapons
 a - a +1 falchion (weapon)
 n - a cursed -3 spear
Missiles
 h - 22 stones (quivered)
Armour
 b - a +0 leather armour (worn)
Scrolls
 d - a scroll of recharging {unknown}
 e - a scroll of fog {unknown}
 f - a scroll of blinking {unknown}
 j - a scroll of magic mapping {unknown}
 k - a scroll of enchant weapon {unknown}
Potions
 m - 2 potions of ambrosia {unknown}
 o - a potion of resistance {unknown}
Comestibles
 c - a bread ration
 g - 3 chunks of flesh
 i - a royal jelly
 l - a meat ration


   Skills:
 * Level 4.4 Fighting
 + Level 2.2 Long Blades
 + Level 2.2 Armour
 + Level 0.8 Dodging
 + Level 0.3 Stealth
 + Level 2.2 Invocations


You had 2 spell levels left.
You didn't know any spells.

Dungeon Overview and Level Annotations

Branches:
Dungeon (2/15)

Altars:


Innate Abilities, Weirdness & Mutations

You cannot be hasted, slowed, berserked, paralysed or teleported.
You can dig through walls and to a lower floor.
Your four strong arms can wield two-handed weapons with a shield.
You have a pair of large antennae on your head. (SInv)


Message History

The kobold hits you but does no damage.
You hit the kobold.
You kill the kobold!
Lugonu accepts your kill.
You hit the worm.
The worm is lightly wounded.
The worm closely misses you.
You hit the worm.
The worm is moderately wounded.
The worm bites you!
* * * LOW HITPOINT WARNING * * *
You barely miss the worm.
The worm is lightly wounded.
You hit the worm.
The worm is moderately wounded.
The worm barely misses you.
You hit the worm.
The worm is heavily wounded.
The worm bites you!
You die...

#.# . #.# .### #.#
...##.### #
#......#
#.##..#.#)#
#.......#.#########
#......(...w@.....#
##.#......#######.#
#.###### #.# ..
#.### #.# #...# #
###.# #.# #.# #.#
#.# #.#


You could see a worm.

Vanquished Creatures
  2 worms (D:2)
  A dart slug (D:1)
  A leopard gecko (D:1)
  5 bats
  A giant cockroach (D:1)
  7 hobgoblins
  4 kobolds
  A frilled lizard (D:1)
  2 goblins
  2 rats (D:2)
26 creatures vanquished.

Notes
Turn   | Place    | Note
-------+----------+-------------------------------------------
     0 | Abyss:1  | bli the Formicid Abyssal Knight began the quest for the Orb.
     0 | Abyss:1  | Reached XP level 1. HP: 18/18 MP: 2/2
    66 | Abyss:1  | Noticed a large abomination
    82 | Abyss:1  | Noticed an unseen horror
    83 | D:1      | Escaped the Abyss
   299 | D:1      | Reached XP level 2. HP: 25/25 MP: 3/3
   355 | D:1      | Reached * piety under Lugonu
   390 | D:1      | Reached skill level 4 in Fighting
   645 | D:1      | Reached XP level 3. HP: 30/30 MP: 4/4
  1297 | D:2      | Slain by a worm

Skill      XL: |  1  2 |
---------------+-------+-----
Fighting       | 4 |  4.4
Long Blades    | |  2.2
Armour         | |  2.2
Dodging        | |  0.8
Stealth        | |  0.3
Invocations    | |  2.2

Action                   || total
-------------------------++-------
Melee: Falchion          ||    93
Invok: Depart the Abyss  ||     1
 Abil: Dig               ||     4
  Eat: Chunk             ||     2
Armor: Leather armour    ||    27
Dodge: Dodged            ||    71
       Rpst.: Falchion   ||    19
